 Dungeon Crawl Stone Soup version 0.20-a0-792-g09bcfd3 (webtiles) character file.

11727 sankara the Fighter (level 11, -2/139 HPs)
             Began as a Barachian Fighter on Feb 28, 2017.
             Was a Priest of Ashenzari.
             Slain by an entropy weaver (6 damage)
             ... on level 1 of the Lair of Beasts.
             The game lasted 00:36:02 (11910 turns).

sankara the Fighter (Barachian Fighter)            Turns: 11910, Time: 00:36:04

Health: -2/139     AC: 21    Str: 17    XL:     11   Next: 82%
Magic:  11/11      EV:  2    Int:  9    God:    Ashenzari [***...]
Gold:   336        SH: 13    Dex: 15    Spells: 10/10 levels left

rFire    . . .     SeeInvis +   b - +3 long sword (protect) (curse)
rCold    . . .     Gourm    .   (armour currently unavailable)
rNeg     + + +     Faith    .   c - +1 shield (curse)
rPois    +         Spirit   .   (helmet currently unavailable)
rElec    .         Reflect  .   (cloak currently unavailable)
rCorr    .         Harm     .   (gloves currently unavailable)
MR       .....     NoTele   +   (boots currently unavailable)
Stlth    ++........             (no amulet)
Regen    0.4/turn               x - +2 ring of slaying
MPRegen  0.2/turn               o - ring of stealth

@: tree-form, corroded
A: +LOS, swims, (slowness 0), (strong legs 0)
a: Curse Item, Scrying, Renounce Religion


You were on level 1 of the Lair of Beasts.
You worshipped Ashenzari.
Ashenzari was most pleased with you.
You were not hungry.
You were a tree.
You visited 2 branches of the dungeon, and saw 12 of its levels.

You collected 432 gold pieces.
You spent 96 gold pieces at shops.

Inventory:

Hand Weapons
 b - a cursed +3 long sword of protection (weapon)
 n - a +2 dagger of flaming
Armour
 c - a cursed +1 shield (worn)
 m - a cursed +0 plate armour (melded)
 A - a cursed +2 helmet (melded)
 H - a cursed +2 pair of boots (melded)
Jewellery
 o - a ring of stealth (left branch)
 x - a +2 ring of slaying (right branch)
Wands
 u - a wand of polymorph (0/24)
 K - a wand of clouds (7/9)
 P - a wand of acid (7/15)
Scrolls
 g - 2 scrolls of enchant armour
 h - 5 scrolls of teleportation
 k - 7 scrolls of amnesia
 l - a scroll of fog
 s - 7 scrolls of identify
 w - 2 scrolls of magic mapping
 y - a scroll of blinking
 E - a scroll of random uselessness
 G - a scroll of enchant weapon
 J - a scroll of fear
 N - a scroll of recharging
Potions
 d - a potion of might
 e - 5 potions of curing
 i - 4 potions of heal wounds
 p - 3 potions of lignification
 z - a potion of flight {unknown}
 B - a potion of ambrosia {unknown}
 C - a potion of haste {unknown}
 D - 3 potions of mutation
 I - a potion of berserk rage {unknown}
 L - a potion of resistance
Books
 a - Zapn's Compendium of Mutagenic Lightness
   (You found it on level 7 of the Dungeon)

   Spells                             Type                      Level
   a - Static Discharge               Conjuration/Air              3
   b - Irradiate                      Conjuration/Transmutation    5
   c - Blade Hands                    Transmutation                5
   d - Dragon Form                    Transmutation                7
 q - a book of Cantrips

   Spells                             Type                      Level
   a - Confusing Touch                Hexes                        1
   b - Animate Skeleton               Necromancy                   1
   c - Summon Small Mammal            Summoning                    1
   d - Apportation                    Translocation                1
 M - a book of Callings

   Spells                             Type                      Level
   a - Summon Small Mammal            Summoning                    1
   b - Call Imp                       Summoning                    2
   c - Call Canine Familiar           Summoning                    3
   d - Summon Guardian Golem          Hexes/Summoning              3
   e - Summon Lightning Spire         Summoning/Air                4
   f - Summon Ice Beast               Ice/Summoning                4
 O - a book of Fire

   Spells                             Type                      Level
   a - Ignite Poison                  Fire/Transmutation/Poison    3
   b - Fireball                       Conjuration/Fire             5
   c - Bolt of Fire                   Conjuration/Fire             6
   d - Ring of Flames                 Charms/Fire                  7
   e - Ignition                       Fire                         8
 Q - a book of Misfortune

   Spells                             Type                      Level
   a - Confusing Touch                Hexes                        1
   b - Confuse                        Hexes                        3
   c - Gell's Gravitas                Translocation                3
   d - Petrify                        Transmutation/Earth          4
   e - Metabolic Englaciation         Hexes/Ice                    5
   f - Yara's Violent Unravelling     Hexes/Transmutation          5
Comestibles
 f - 14 bread rations
 j - 6 meat rations
 r - 6 royal jellies
 v - 2 fruits


   Skills:
 + Level 11.5 Fighting
 - Level 9.0(11.8) Long Blades
 + Level 10.1(12.8) Armour
 + Level 8.4 Dodging
 + Level 10.5(12.2) Shields


You had 10 spell levels left.
You didn't know any spells.

Dungeon Overview and Level Annotations

Branches:
Dungeon (11/15)            Temple (0/1) D:6            Lair (1/6) D:10
    Orc (0/2) D:9

Altars:
Ashenzari
Fedhas
Gozag
Makhleb
Nemelex Xobeh
Okawaru
Ru
Vehumet
Yredelemnul
Zin
The Shining One

Shops:
D:4 [   D:10 *


Innate Abilities, Weirdness & Mutations

Shadows flee at your approach. (+LOS)
You can swim through water.
((You cover ground slowly.))
((You can hop short distances.))


Message History

Evoking this partially-identified wand wasted a few charges.
Evoke which item? (* to show all) (? for menu, Esc to quit)
Aiming: Polymorph (will waste charges)
Press: ? - help, Shift-Dir - straight line, f/p - entropy weaver
Aim: an entropy weaver (chance to defeat MR: 15%) Nothing appears to happen.
The entropy weaver casts a spell.
The entropic weave corrodes you! The entropy weaver hits you.
* * * LOW HITPOINT WARNING * * *
You block the entropy weaver's attack. The entropy weaver hits you.
* * * LOW HITPOINT WARNING * * *
You block the entropy weaver's attack.
You barely miss the entropy weaver. The entropy weaver hits you.
* * * LOW HITPOINT WARNING * * *
The entropy weaver hits you!
* * * LOW HITPOINT WARNING * * *
The entropy weaver hits you!
* * * LOW HITPOINT WARNING * * *
The entropy weaver hits you.
You die...

, ##...... ,* *, , *
..##....##### , * ,
,##......+...# 8
,....8...#...# , , ,
........+<..#* , ,,
, #........#* , ,
#......##...#* , ,
,, #.##.##.#..## , ,
* #.....#♣#.###....
* * ,,
*#........a.........
* * >
...........%.......
,
...................
*
...................,
* *
...................
,
#......P.##+.+#....
, #.....#... ,..
#... * #...[.#...
... ... ,


You could see an entropy weaver.

Vanquished Creatures
  2 two-headed ogres
  Pikel (D:3)
  The ghost of nono the Shield-Bearer, a novice VSHu of Okawaru (D:8)
  A cyclops (D:9)
  A gargoyle (D:9)
  2 komodo dragons (D:10)
  Sigmund (D:3)
  A hippogriff (D:9)
  A wyvern (D:10)
  14 yaks (D:10)
  A steam dragon (D:10)
  Grum (D:8)
  Edmund (D:4)
  A water moccasin (D:6)
  3 ice beasts
  3 sky beasts
  5 orc warriors
  A black bear (D:9)
  A phantom (D:9)
  3 wolves (D:8)
  4 ogres
  3 centaurs
  2 crocodiles (D:10)
  A big kobold (D:9)
  A bullfrog (D:9)
  A water moccasin skeleton (D:8)
  A scorpion (D:8)
  7 killer bees
  24 wights
  5 crimson imps
  A bullfrog zombie (D:10)
  4 hounds
  2 centaur skeletons
  2 bullfrog skeletons (D:9)
  8 orc priests
  4 jellies
  3 orc wizards
  4 iguanas
  Terence (D:2)
  7 worker ants
  A hound skeleton (D:8)
  Robin (D:2)
  3 gnolls
  10 adders
  2 oozes
  An adder skeleton (D:5)
  An adder zombie (D:5)
  3 worms
  3 dart slugs
  9 leopard geckos
  43 orcs
  2 giant cockroaches (D:2)
  14 goblins
  9 hobgoblins
  11 jackals
  15 kobolds
  5 quokkas
  4 ball pythons
  2 bats
  A frilled lizard (D:3)
  2 gnoll zombies (D:8)
  A jackal skeleton (D:4)
  A leopard gecko skeleton (D:5)
  A quokka zombie (D:8)
  10 rats
  A plant (D:1)
286 creatures vanquished.

Vanquished Creatures (others)
  A slave (D:4)
  An orc wizard (D:3)
  An iguana (D:4)
  A worker ant (D:4)
  A worker ant zombie (D:4)
  2 gnolls (D:4)
  An orc (D:9)
  A quokka (D:4)
9 creatures vanquished.

Grand Total: 295 creatures vanquished

Notes
Turn   | Place    | Note
-------+----------+-------------------------------------------
     0 | D:1      | sankara the Barachian Fighter began the quest for the Orb.
     0 | D:1      | Reached XP level 1. HP: 18/18 MP: 1/1
   230 | D:1      | Reached XP level 2. HP: 25/25 MP: 2/2
   531 | D:1      | Reached skill level 4 in Fighting
   685 | D:2      | Noticed Terence
   706 | D:2      | Killed Terence
   706 | D:2      | Reached XP level 3. HP: 22/30 MP: 3/3
   715 | D:2      | Reached XP level 4. HP: 23/37 MP: 4/4
   854 | D:2      | Noticed Robin
   868 | D:2      | Killed Robin
  1733 | D:2      | Reached XP level 5. HP: 40/43 MP: 5/5
  1788 | D:2      | Found an iron altar of Okawaru.
  1812 | D:2      | Reached skill level 5 in Long Blades
  1978 | D:3      | Noticed Sigmund
  2184 | D:3      | Killed Sigmund
  2184 | D:3      | Reached skill level 5 in Fighting
  2184 | D:3      | Reached XP level 6. HP: 21/51 MP: 6/6
  2435 | D:3      | Found a blossoming altar of Fedhas.
  2501 | D:3      | Found a burning altar of Makhleb.
  2790 | D:3      | Reached XP level 7. HP: 37/56 MP: 7/7
  3168 | D:4      | Found a shattered altar of Ashenzari.
  3176 | D:4      | Became a worshipper of Ashenzari the Shackled
  3278 | D:4      | Noticed Pikel
  3324 | D:3      | Killed Pikel
  3324 | D:3      | Reached skill level 6 in Fighting
  3324 | D:3      | Reached skill level 5 in Shields
  3324 | D:3      | Reached XP level 8. HP: 51/65 MP: 8/8
  3406 | D:4      | Noticed Edmund
  3685 | D:4      | Killed Edmund
  3685 | D:4      | Reached skill level 1 in Dodging
  3710 | D:4      | Found a shattered altar of Ashenzari.
  3751 | D:4      | Found Tacvek's Antique Armour Boutique.
  4360 | D:5      | Entered Level 5 of the Dungeon
  4370 | D:5      | Reached skill level 7 in Fighting
  4796 | D:5      | Found a sacrificial altar of Ru.
  4888 | D:5      | Found a glowing golden altar of the Shining One.
  4987 | D:6      | Reached * piety under Ashenzari
  5009 | D:6      | Found a glowing silver altar of Zin.
  5047 | D:6      | Found a radiant altar of Vehumet.
  5072 | D:6      | Reached XP level 9. HP: 72/72 MP: 9/9
  5114 | D:6      | Reached skill level 5 in Armour
  5755 | D:6      | Found a staircase to the Ecumenical Temple.
  6091 | D:7      | Found a sparkling altar of Nemelex Xobeh.
  6191 | D:7      | Identified Zapn's Compendium of Mutagenic Lightness
  6529 | D:7      | Found a sacrificial altar of Ru.
  6629 | D:7      | Reached skill level 8 in Fighting
  6804 | D:8      | Reached ** piety under Ashenzari
  7153 | D:8      | Noticed Grum
  7175 | D:8      | Killed Grum
  7358 | D:9      | Reached skill level 5 in Dodging
  7537 | D:9      | Reached XP level 10. HP: 64/82 MP: 10/10
  7599 | D:9      | Reached skill level 9 in Fighting
  7798 | D:9      | Found a staircase to the Orcish Mines.
  7834 | D:9      | Noticed a gargoyle
  7855 | D:9      | Killed a gargoyle
  8078 | D:9      | Found an opulent altar of Gozag.
  8804 | D:10     | Entered Level 10 of the Dungeon
  8804 | D:10     | Noticed a two-headed ogre
  8804 | D:10     | Noticed a cyclops
  8813 | D:9      | Killed a cyclops
  8813 | D:9      | Reached skill level 10 in Fighting
  8912 | D:8      | Reached *** piety under Ashenzari
  9380 | D:9      | Killed a two-headed ogre
  9380 | D:9      | Reached XP level 11. HP: 92/92 MP: 11/11
  9585 | D:10     | Noticed a two-headed ogre
  9598 | D:10     | Killed a two-headed ogre
  9827 | D:10     | Found Ugunirei's Changing Room.
  9881 | D:10     | Reached skill level 11 in Fighting
  9903 | D:10     | Bought a potion of mutation for 96 gold pieces
 10060 | D:10     | Reached skill level 10 in Shields
 10468 | D:10     | Found a staircase to the Lair.
 10518 | D:10     | Reached skill level 10 in Armour
 10770 | Lair:1   | Entered Level 1 of the Lair of Beasts
 10771 | Lair:1   | Noticed a four-headed hydra
 11281 | D:8      | Noticed nono's ghost (novice VSHu)
 11294 | D:8      | Killed nono's ghost
 11537 | D:8      | Found a sparkling altar of Nemelex Xobeh.
 11696 | D:8      | Found a basalt altar of Yredelemnul.
 11908 | Lair:1   | Noticed an entropy weaver
 11908 | Lair:1   | a 13-headed hydra changed into an entropy weaver
 11910 | Lair:1   | HP: 4/139 [entropy weaver (9)]
 11910 | Lair:1   | Slain by an entropy weaver

Vault maps used:
D:1:      lemuel_arrival_river_ford, lexackson_kobold_supper
D:2:      okawaru_altar_gauntlet_db, uniq_terence, uniq_robin
D:3:      lemuel_crystal_altar, makhleb_heckhound_becter, uniq_sigmund
D:4:      old_standard_altar, serial_shops, nicolae_shop_overgrown_old_shop,
          cheibrodos_ashenzari_chains, uniq_edmund, uniq_pikel
D:5:      kennysheep_mini_moat, basic_altar, first_bread
D:6:      lemuel_coloured_pillars_altar, old_standard_altar,
          minmay_temple_entry_statues_pillars
D:7:      hangedman_ru_absence, grunt_ogre_cave, hangedman_decor_lopped,
          nemelex_dance_club_becter
D:8:      overflow_temple_1_default, lemuel_zombie_altar_yredelemnul, uniq_grum
D:9:      nicolae_overflow_hidden_temple, erik_orc_3
D:10:     erik_lair_dragon, nicolae_transmutations_shop
D:11:     serial_shops, shop, trog_ov_bears_minmay, uniq_urug
Lair:1:   grunt_megastairs_1, uniq_gastronok

Skill      XL: |  1  2  3  4  5  6  7  8  9 10 11 |
---------------+----------------------------------+-----
Long Blades    | 3 4 6 8 9 |  9.0
Fighting       | 4 5 6 7 8 10 11 | 11.5
Shields        | 4 5 6 7 9 10 | 10.5
Dodging        | 2 5 6 8 |  8.4
Armour         | 4 7 8 10 | 10.1

Action                   |  1- 3 |  4- 6 |  7- 9 | 10-12 || total
-------------------------+-------+-------+-------+-------++-------
Melee: Long sword        |   101 |   231 |   432 |   573 ||  1337
Invok: Curse Item        |       |       |     3 |     1 ||     4
 Abil: Hop               |       |       |       |     1 ||     1
Evoke: Wand              |       |       |       |     6 ||     6
  Use: Scroll            |       |     3 |       |    10 ||    13
       Potion            |       |       |     3 |     2 ||     5
 Stab: Invisible         |       |       |       |     4 ||     4
  Eat: Chunk             |       |     8 |    16 |    14 ||    38
       Fruit             |       |       |     1 |     3 ||     4
Armor: Scale mail        |    26 |    14 |       |       ||    40
       Chain mail        |       |   104 |   191 |       ||   295
       Plate armour      |       |       |    81 |   249 ||   330
       Skin              |       |       |       |    65 ||    65
Dodge: Dodged            |    23 |    43 |   102 |   149 ||   317
Block: Shield            |    36 |   105 |   244 |   371 ||   756
       Rpst.: Long sword |     5 |    20 |    34 |    38 ||    97
